 Dungeon Crawl Stone Soup version 0.21.1-1-g345015f (webtiles) character file.

53 Fang the Skirmisher (level 3, -2/36 HPs)
             Began as a Gargoyle Berserker on May 11, 2018.
             Was a Believer of Trog.
             Slain by a gnoll
             ... wielding a +0 flail
              (3 damage)
             ... on level 3 of the Dungeon.
             The game lasted 00:01:00 (1196 turns).

Fang the Skirmisher (Gargoyle Berserker)            Turns: 1196, Time: 00:01:00

Health: -2/36      AC:  5    Str: 26    XL:     3   Next: 87%
Magic:  3/3        EV: 12    Int:  7    God:    Trog [**....]
Gold:   104        SH:  0    Dex:  9    Spells: 2/2 levels left

rFire    . . .     SeeInvis .   a - +0 hand axe
rCold    . . .     Gourm    .   (no shield)
rNeg     + . .     Faith    .   b - +0 animal skin
rPois    ∞         Spirit   .   (no helmet)
rElec    +         Reflect  .   (no cloak)
rCorr    .         Harm     .   (no gloves)
MR       .....                  (no boots)
Stlth    ..........             (no amulet)
HPRegen  0.12/turn              (no ring)
MPRegen  0.08/turn              (no ring)

@: berserking, very quick
A: negative energy resistance 1, electricity resistance, unbreathing,
petrification resistance, rot immunity, AC +3
a: Berserk, Trog's Hand, Burn Spellbooks, Renounce Religion


You were on level 3 of the Dungeon.
You worshipped Trog.
Trog was pleased with you.
You were very hungry.

You visited 1 branch of the dungeon, and saw 3 of its levels.

You collected 104 gold pieces.

Inventory:

Hand Weapons
 a - a +0 hand axe (weapon)
Armour
 b - a +0 animal skin (worn)
Scrolls
 e - 4 scrolls of teleportation {unknown}
 f - 5 scrolls of identify {unknown}
 h - a scroll of magic mapping {unknown}
 i - 2 scrolls of amnesia {unknown}
 m - a scroll of noise {unknown}
Potions
 d - a potion of magic {unknown}
 g - a potion of mutation {unknown}
 j - a potion of lignification {unknown}
 k - a potion of might {unknown}
 l - a potion of degeneration {unknown}
Comestibles
 c - 4 rations


   Skills:
 + Level 4.0 Fighting
 + Level 3.3 Axes
 + Level 2.5 Armour
 + Level 2.0 Dodging


You had 2 spell levels left.
You didn't know any spells.

Dungeon Overview and Level Annotations

Branches:
Dungeon (3/15)

Altars:

Annotations:
D:3 Ijyb


Innate Abilities, Weirdness & Mutations

You are resistant to torment.
Your stone body is resilient. (AC +3)
You are immune to poison.
You resist negative energy. (rN+)
You are resistant to electric shocks. (rElec)
You can survive without breathing.
You are immune to petrification.
You are immune to rotting.


Message History

You are too injured to fight recklessly!
A red film seems to cover your vision as you go berserk!
You feel yourself moving faster!
You feel mighty!
You are feeling very hungry.
Ijyb screams, "Me very upset!"
Ijyb barely misses you. The gnoll hits you with a flail.
* * * LOW HITPOINT WARNING * * *
The gnoll hits you from afar with a spear.
* * * LOW HITPOINT WARNING * * *
You are too berserk!
You are too injured to fight recklessly!
You closely miss Ijyb.
Ijyb is lightly wounded.
You hit the gnoll. Ijyb hits you but does no damage.
The gnoll hits you from afar with a spear.
* * * LOW HITPOINT WARNING * * *
You hit Ijyb.
Ijyb is lightly wounded.
You hit the gnoll. The gnoll hits you with a flail.
You die...

##.# ...# #..#
#..# #.:# #g?#
#gg# # #.# #.
#@!#.###.. .# #.
#.###..#........
#. #...$........ .
#. #..##.>####.#.#
###. #.
#..####.#.#####...
..
#.................
##
#......†#######..<
##......(.........
######.##########


You could see Ijyb and 2 gnolls.

Vanquished Creatures
  An adder (D:2)
  2 worms
  An adder skeleton (D:2)
  2 dart slugs (D:1)
  A leopard gecko (D:2)
  A bat (D:2)
  5 goblins
  4 hobgoblins
  5 kobolds
  A quokka (D:2)
  A frilled lizard (D:2)
  7 rats
31 creatures vanquished.

Notes
Turn   | Place    | Note
-------+----------+-------------------------------------------
     0 | D:1      | Fang the Gargoyle Berserker began the quest for the Orb.
     0 | D:1      | Reached XP level 1. HP: 14/14 MP: 1/1
   163 | D:1      | Reached XP level 2. HP: 18/19 MP: 2/2
   722 | D:2      | Reached XP level 3. HP: 16/24 MP: 3/3
  1098 | D:3      | Reached ** piety under Trog
  1104 | D:3      | Reached skill level 4 in Fighting
  1183 | D:3      | Noticed Ijyb
  1195 | D:3      | HP: 1/36 [gnoll/spear (2)]
  1196 | D:3      | Slain by a gnoll

Skill      XL: |  1  2  3 |
---------------+----------+-----
Axes           | 3 |  3.3
Dodging        | 2 |  2.0
Fighting       | 4 |  4.0
Armour         | |  2.5

Action                   || total
-------------------------++-------
Melee: Hand axe          ||   129
Invok: Berserk           ||     1
  Eat: Chunk             ||     1
Armor: Animal skin       ||    36
Dodge: Dodged            ||    74
